 Dungeon Sprint DCSS version 0.30.0-29-ga12c61a403 (webtiles) character file.

Game seed: 984433188577642905

3153 boopmooplesden the Impaler (level 9, -17/93 HPs)
             Began as a Red Draconian Berserker on June 24, 2023.
             Was the Champion of Trog.
             Demolished by a polar bear (20 damage)
             ... in the Dungeon (Sprint VII: "The Pits").
             The game lasted 00:03:14 (1542 turns).

boopmooplesden the Impaler (DrBe)                   Turns: 1542, Time: 00:03:14

Health: -17/93     AC:  8    Str: 27    XL:     9   Next: 62%
Magic:  9/9        EV: 15    Int:  7    God:    Trog [******]
Gold:   0          SH:  0    Dex: 11    Spells: 8/8 levels left

rFire   + . .        p - +8 glaive of Trog's Indignation {heavy, *Noise rN+ Str+3}
rCold   . . .        (shield currently unavailable)
rNeg    + . .        (body armour unavailable)
rPois   .            (helmet restricted)
rElec   .            o - +0 cloak
rCorr   .            (no gloves)
SInv    .            (no boots)
Will    .....        (no amulet)
Stlth   +++          (no ring)
HPRegen 0.35/turn    (no ring)
MPRegen 0.11/turn

%: no teleportation
@: on berserk cooldown, slowed, very slow
A: breathe fire, AC +7, unfitting armour, fire resistance 1, cold-blooded
a: Breathe Fire, Renounce Religion, Berserk, Trog's Hand, Brothers in Arms


You were in the Dungeon.
You worshipped Trog.
Trog was exalted by your worship.
You visited 1 branch

Inventory:

Hand Weapons
 a - a +0 spear
 h - a +2 trident
 k - a +1 heavy trident
 n - the +2 halberd of Muujit {freeze, Drain rPois rC+++ rCorr}
   (You found it in the Dungeon)

   rC:        It renders you almost immune to cold.
   rPois:     It protects you from poison.
   rCorr:     It protects you from acid and corrosion.
   Drain:     It drains your maximum health when unequipped.
 p - the +8 glaive of Trog's Indignation (weapon) {heavy, *Noise rN+ Str+3}
   (Trog gifted it to you in the Dungeon)

   Str:       It affects your strength (+3).
   rN:        It protects you from negative energy.
   *Noise:    It may make noises in combat.
Armour
 o - a +0 cloak (worn)
Jewellery
 l - a +3 ring of protection
 m - a +3 ring of strength
Scrolls
 g - a scroll of blinking
 j - a scroll of butterflies
Potions
 b - 7 potions of curing
 c - 11 potions of heal wounds
 d - 2 potions of haste
 e - 4 potions of magic
 f - 5 potions of berserk rage
 i - 2 potions of invisibility


   Skills:
 + Level 13.3 Fighting
 + Level 15.5 Polearms
 + Level 9.6 Dodging
 + Level 5.2 Stealth


You had 8 spell levels left.
You didn't know any spells.
Your spell library was empty.

Dungeon Overview and Level Annotations

Branches:
Dungeon (1/1)

Altars:


Innate Abilities, Weirdness & Mutations

You can breathe blasts of fire.
Your fiery red scales are hard. (AC +7)
You cannot fit into any form of body armour.
Your flesh is heat resistant. (rF+)
You are cold-blooded and may be slowed by cold attacks.


Message History

The polar bear claws you but does no damage.
The orc priest closely misses you. The polar bear misses you.
The polar bear claws you.
The polar bear claws you but does no damage.
You slash the orc priest!
You kill the orc priest!
Trog accepts your kill. The polar bear barely misses you.
The polar bear claws you but does no damage.
The polar bear closely misses you. The orc hits you with a +0 hand axe.
The polar bear bites you.
The polar bear claws you but does no damage. x2
You slice the polar bear!!
Your tail-slap misses the polar bear.
The polar bear is severely wounded.
The orc barely misses you. The polar bear bites you! The polar bear misses you.
The polar bear barely misses you. x3; The polar bear closely misses you.
The orc closely misses you.
You barely miss the polar bear.
The polar bear is severely wounded.
The orc closely misses you.
The polar bear goes berserk!
The orc hits you with a +0 hand axe.
* * * LOW HITPOINT WARNING * * *
The polar bear bites you!!
* * * LOW HITPOINT WARNING * * *
The polar bear misses you.
The polar bear claws you but does no damage.
You feel much better. The polar bear completely misses you.
The polar bear closely misses you. The polar bear misses you.
The orc closely misses you. The polar bear bites you!
* * * LOW HITPOINT WARNING * * *
The polar bear claws you but does no damage. x2
You feel much better. The polar bear bites you!!
* * * LOW HITPOINT WARNING * * *
The polar bear claws you but does no damage.
The polar bear claws you.
* * * LOW HITPOINT WARNING * * *
The orc hits you with a +0 hand axe.
* * * LOW HITPOINT WARNING * * *
The polar bear bites you!!
You die...

#................+
'................+
#......#..#......#
#................#
####'#####''#####
#.......##÷)#########
#.......##).)...#...+
#.......##....###o..###
#...<...##...##)@ho.'.#
#.......##).##..##'##..#
#.......##..#.÷## .#
#.......##††#..# .#
##########..'..+ +
##########..#..#
...#..[[##..#..#
...#...[##..##..#
...'..).##...##.+


You could see a polar bear (berserk) and 2 orcs.

Vanquished Creatures
  A two-headed ogre (D)
  A swamp dragon (D)
  A demonic crawler (D)
  A snapping turtle (D)
  6 yaks (D)
  2 orc warriors (D)
  2 wolves (D)
  A scorpion (D)
  A quasit (D)
  An iron imp (D)
  4 orc priests (D)
  An iguana (D)
  3 orc wizards (D)
  A hell rat (D)
  A wandering mushroom (D)
  A mummy (D)
  2 gnolls (D)
  2 river rats (D)
  A white imp (D)
  An ufetubus (D)
  5 orcs (D)
  2 endoplasms (D)
  2 goblins (D)
  A hobgoblin (D)
  2 jackals (D)
  A kobold (D)
  A frilled lizard (D)
48 creatures vanquished.

Notes
Turn   | Place    | Note
-------+----------+-------------------------------------------
     0 | D        | boopmooplesden the Draconian Berserker began the quest for
                  | the Orb.
     0 | D        | Reached XP level 1. HP: 19/19 MP: 1/1
    51 | D        | Reached ** piety under Trog
   279 | D        | Reached *** piety under Trog
   280 | D        | Reached skill level 4 in Polearms
   280 | D        | Reached XP level 2. HP: 28/28 MP: 2/2
   285 | D        | Reached skill level 5 in Fighting
   285 | D        | Reached XP level 3. HP: 34/36 MP: 3/3
   375 | D        | Noticed a wolf
   380 | D        | Killed a wolf
   381 | D        | Reached skill level 6 in Polearms
   381 | D        | Reached skill level 5 in Dodging
   381 | D        | Reached XP level 4. HP: 45/45 MP: 4/4
   385 | D        | Reached **** piety under Trog
   386 | D        | Reached XP level 5. HP: 52/52 MP: 5/5
   388 | D        | Reached skill level 7 in Polearms
   394 | D        | Reached ***** piety under Trog
   399 | D        | Reached skill level 8 in Polearms
   474 | D        | Reached XP level 6. HP: 62/62 MP: 6/6
   480 | D        | Received a gift from Trog
   481 | D        | Reached skill level 9 in Polearms
   482 | D        | Noticed an orc warrior
   488 | D        | Killed an orc warrior
   489 | D        | Reached skill level 1 in Stealth
   493 | D        | Reached skill level 10 in Fighting
   493 | D        | Reached skill level 10 in Polearms
   493 | D        | Your scales start taking on a fiery red colour.
   493 | D        | Reached XP level 7. HP: 44/72 MP: 7/7
   493 | D        | Gained mutation: Your flesh is heat resistant. (rF+) [Red
                  | Draconian growth]
   680 | D        | Noticed a wandering mushroom
   750 | D        | Got the +2 halberd of Muujit {freeze, Drain rPois rC+++
                  | rCorr}
   972 | D        | Reached ****** piety under Trog
  1177 | D        | Noticed a yak
  1177 | D        | Noticed a yak
  1177 | D        | Noticed a yak
  1178 | D        | Noticed a yak
  1179 | D        | Noticed a yak
  1183 | D        | Killed a yak
  1183 | D        | Identified the +7 battleaxe of Slow Death {heavy, *Slow
                  | rElec rN++ Will+} (Trog gifted it to you in the Dungeon)
  1183 | D        | Received a gift from Trog
  1184 | D        | Reached skill level 11 in Polearms
  1184 | D        | Noticed a yak
  1186 | D        | Killed a yak
  1190 | D        | Killed a yak
  1191 | D        | Reached XP level 8. HP: 82/82 MP: 8/8
  1192 | D        | Reached skill level 12 in Polearms
  1197 | D        | Identified the +8 glaive of Trog's Indignation {heavy,
                  | *Noise rN+ Str+3} (Trog gifted it to you in the Dungeon)
  1197 | D        | Received a gift from Trog
  1209 | D        | Reached skill level 13 in Polearms
  1315 | D        | Noticed a snapping turtle
  1316 | D        | Noticed a demonic crawler
  1318 | D        | Killed a demonic crawler
  1321 | D        | Killed a snapping turtle
  1322 | D        | Reached XP level 9. HP: 26/91 MP: 9/9
  1523 | D        | Noticed a two-headed ogre
  1524 | D        | Noticed a swamp dragon
  1528 | D        | Noticed a polar bear
  1530 | D        | Killed a swamp dragon
  1531 | D        | Reached skill level 14 in Polearms
  1532 | D        | Killed a two-headed ogre
  1532 | D        | Received a gift from Trog
  1533 | D        | Reached skill level 15 in Polearms
  1533 | D        | Reached skill level 5 in Stealth
  1540 | D        | HP: 3/93 [polar bear (24)]
  1542 | D        | Demolished by a polar bear

Illustrated notes

Levels and vault maps discovered:
D:        pitsprint [storerooms_1, entrance_room_1, metal_vault_6, armoury_2,
          mini_pit_1, grid_room_1, main_hall_1, silver_pit, the_coven_3,
          the_vestibule_1, steel_vault_3, golden_pit, hallway_of_sentries,
          crystal_vault_1, iron_vault_4, final_vault]

Skill      XL: |  1  2  3  4  5  6  7  8  9 |
---------------+----------------------------+-----
Dodging        | 3 4 5 6 7 8 9 |  9.6
Fighting       | 4 5 6 7 8 10 11 12 13 | 13.3
Polearms       | 4 6 8 10 11 13 15 | 15.5
Stealth        | 1 2 4 5 |  5.2

Action                     |  1- 3 |  4- 6 |  7- 9 || total
---------------------------+-------+-------+-------++-------
  Melee: Trident           |    15 |    29 |     6 ||    50
         Spear             |     6 |       |       ||     6
         Tailslap          |     3 |     2 |     5 ||    10
         Punch             |     1 |       |       ||     1
         Halberd           |       |       |    33 ||    33
         Glaive            |       |       |    18 ||    18
 Invoke: Berserk           |     3 |       |     5 ||     8
Ability: Breathe Fire      |       |       |     1 ||     1
    Use: Potion            |       |     1 |     2 ||     3
   Stab: Sleeping          |       |     1 |       ||     1
 Armour: Skin              |     3 |     7 |    26 ||    36
  Dodge: Dodged            |    16 |    14 |    73 ||   103
